 Dungeon Crawl Stone Soup version 0.24.0-13-gcf9b319 (webtiles) character file.

Game seed: 15849074920484359457, levelgen mode: deterministic

77 wrhowe the Skirmisher (level 4, 0/35 HPs)
             Began as a Demonspawn Abyssal Knight on Dec 11, 2019.
             Was a Believer of Lugonu.
             Succumbed to an adder's poison
             ... on level 3 of the Dungeon.
             The game lasted 00:11:23 (1498 turns).

wrhowe the Skirmisher (Demonspawn Abyssal Knight)   Turns: 1498, Time: 00:11:23

Health: 0/35       AC: 11    Str: 13    XL:     4   Next: 13%
Magic:  14/14      EV:  7    Int: 13    God:    Lugonu [**....]
Gold:   106        SH:  7    Dex: 13    Spells: 3/3 levels left

rFire    . . .     SeeInvis .   h - +2 hand axe (elec)
rCold    . . .     Gourm    .   l - +0 shield
rNeg     . . .     Faith    .   f - +0 ring mail (curse)
rPois    .         Spirit   .   (no helmet)
rElec    .         Reflect  .   (no cloak)
rCorr    .         Harm     .   (no gloves)
MR       .....                  (no boots)
Stlth    ..........             g - amulet of magic regeneration
HPRegen  0.11/turn              i - ring of magical power
MPRegen  0.39/turn              j - ring of attention (curse)

@: lethally poisoned (0 -> -1), sanguine armour
A: demonic guardian 1, sanguine armour 1
a: Depart the Abyss, Bend Space, Renounce Religion


You were on level 3 of the Dungeon.
You worshipped Lugonu.
Lugonu was pleased with you.
You were not hungry.

You visited 1 branch of the dungeon, and saw 3 of its levels.
You visited the Abyss 1 time.

You collected 106 gold pieces.

Inventory:

Hand Weapons
 a - a +1 spear
 h - a +2 hand axe of electrocution (weapon)
Missiles
 d - 2 boomerangs (quivered)
Armour
 b - a +0 leather armour
 e - a +0 scale mail
 f - a cursed +0 ring mail (worn)
 l - a +0 shield (worn)
Jewellery
 g - an amulet of magic regeneration (around neck)
 i - a ring of magical power (left hand)
 j - a cursed ring of attention (right hand)
Potions
 k - a potion of magic
Comestibles
 c - 3 rations


   Skills:
 + Level 3.2 Fighting
 + Level 0.3(1.7) Axes
 * Level 2.7 Polearms
 + Level 0.5 Throwing
 + Level 2.6 Armour
 + Level 1.1 Dodging
 + Level 0.6 Shields
 + Level 2.4 Invocations


You had 3 spell levels left.
You didn't know any spells.
Your spell library was empty.

Dungeon Overview and Level Annotations

Branches:
Dungeon (3/15)

Altars:

Annotations:
D:3 Sigmund; WalterBottle's ghost, amateur DsAK


Innate Abilities, Weirdness & Mutations

A weak demonic guardian rushes to your aid.
When seriously injured, your bleeding wounds create armour. (AC +6)


Message History

You block WalterBottle's ghost's attack.
Something hits you but does no damage.
WalterBottle's ghost hits you but does no damage.
You hit WalterBottle's ghost but do no damage.
WalterBottle's ghost is lightly damaged.
You feel sick. Something hits you but does no damage.
You block WalterBottle's ghost's attack.
You hit WalterBottle's ghost but do no damage.
WalterBottle's ghost is lightly damaged.
WalterBottle's ghost hits you but does no damage.
Something hits you.
* * * LOW HITPOINT WARNING * * *
You hit WalterBottle's ghost.
WalterBottle's ghost is lightly damaged.
You block WalterBottle's ghost's attack.
Something hits you.
* * * LOW HITPOINT WARNING * * *
You hit WalterBottle's ghost but do no damage.
WalterBottle's ghost is lightly damaged.
You die...

#.# #...##≈≈≈# #.#
#...###'## #.#
#...##...# # ..#
####.###..## .# ###
#......#.#####.####
.#.#................
.......rS..........##
#.#.####W###.....#.#
# #. #@# #.....#
#....55........#
#.##{#.###.......#
#.#.# #.......# . ...
#.##.##.# .. ... #.#
># .# .. ... #.# .# #
#.. ....##. ..


You could see WalterBottle's ghost, a river rat, a ball python, a friendly iron
imp and a friendly white imp.

Vanquished Creatures
  3 adders (D:3)
  2 leopard geckos (D:1)
  4 orcs (D:3)
  6 bats
  6 giant cockroaches
  4 goblins
  8 hobgoblins
  A frilled lizard (D:2)
  A kobold (D:2)
  5 rats
40 creatures vanquished.

Vanquished Creatures (collateral kills)
  A bat (D:3)
1 creature vanquished.

Grand Total: 41 creatures vanquished

Notes
Turn   | Place    | Note
-------+----------+-------------------------------------------
     0 | Abyss:1  | wrhowe the Demonspawn Abyssal Knight began the quest for
                  | the Orb.
     0 | Abyss:1  | Reached XP level 1. HP: 18/18 MP: 2/2
    28 | Abyss:1  | Noticed a shadow
    36 | D:1      | Escaped the Abyss
    62 | D:1      | Reached * piety under Lugonu
   243 | D:1      | Gained mutation: When seriously injured, your bleeding
                  | wounds create armour. (AC +6) [demonic ancestry]
   243 | D:1      | Reached XP level 2. HP: 22/24 MP: 3/3
  1034 | D:2      | Reached XP level 3. HP: 29/29 MP: 4/4
  1110 | D:3      | Reached skill level 1 in Dodging
  1454 | D:3      | Found a runed translucent door.
  1455 | D:3      | Noticed WalterBottle's ghost (amateur DsAK)
  1464 | D:3      | Reached ** piety under Lugonu
  1484 | D:3      | Noticed Sigmund
  1491 | D:3      | Gained mutation: A weak demonic guardian rushes to your
                  | aid. [demonic ancestry]
  1491 | D:3      | Reached XP level 4. HP: 13/35 MP: 5/5
  1497 | D:3      | HP: 1/35 [something (2)]
  1498 | D:3      | Succumbed to an adder's poison

Levels and vault maps discovered:
D:1:      minmay_arrival_plants_in_alcoves, layout_basic, serial_bayou_ford_a,
          minmay_unequal
D:2:      layout_loops_ring
D:3:      layout_loops_cross, grunt_temple_overflow_order_and_chaos_2,
          first_ration, ebering_ghost_sewer_f, uniq_robin, uniq_sigmund

Skill      XL: |  1  2  3 |
---------------+----------+-----
Armour         | 2 |  2.6
Polearms       | 2 |  2.7
Dodging        | 1 |  1.1
Fighting       | |  3.2
Axes           | |  0.3
Throwing       | |  0.5
Shields        | |  0.6
Invocations    | |  2.4

Action                   |  1- 3 |  4- 6 || total
-------------------------+-------+-------++-------
Melee: Spear             |    66 |       ||    66
       Hand axe          |    71 |     7 ||    78
Throw: Boomerang         |    18 |       ||    18
Invok: Depart the Abyss  |     1 |       ||     1
  Use: Scroll            |     1 |       ||     1
       Potion            |     2 |       ||     2
  Eat: Ration            |     1 |       ||     1
Armor: Scale mail        |    23 |       ||    23
       Leather armour    |     1 |       ||     1
       Ring mail         |    55 |     5 ||    60
Dodge: Dodged            |    56 |     2 ||    58
Block: Shield            |    24 |     4 ||    28
